 Seeded DCSS version 0.29.1-15-g9cfb28693d (webtiles) character file.

Game seed: 16245865983455551772 (custom seed)

196 Atreus the Covert (level 5, -1/73 HPs)
             Began as a Naga Berserker on Mar 8, 2023.
             Was a Believer of Trog.
             Slain by Natasha (4 damage)
             ... on level 3 of the Dungeon.
             The game lasted 00:04:38 (2539 turns).

Atreus the Covert (Naga Berserker)                  Turns: 2539, Time: 00:04:42

Health: -1/73      AC: 22    Str: 21    XL:     5   Next: 74%
Magic:  5/5        EV:  1    Int: 19    God:    Trog [**....]
Gold:   1365       SH:  0    Dex: 11    Spells: 4/4 levels left

rFire   . . .      SeeInvis +   c - +7 rapier "Kijeomeoth" {spect, rPois Stlth+}
rCold   . . .      Faith    .   (no shield)
rNeg    . . .      Spirit   .   (body armour currently unavailable)
rPois   +          Reflect  .   (helmet currently unavailable)
rElec   .          Harm     .   (cloak currently unavailable)
rCorr   .          Rampage  .   (gloves currently unavailable)
Will    .....      NoTele   +   (no barding)
Stlth   +++++.....              (no amulet)
HPRegen 0.22/turn               j - +6 ring of intelligence
MPRegen 0.09/turn               i - +6 ring of intelligence

@: tree-form, on berserk cooldown, slowed, very slow
A: stationary, stasis, torment immunity, boosted hp, AC +1, large, see
invisible, (deformed body), (poison resistance), (slowness 2), spit poison 1,
(naga tail 1)
a: Spit Poison, Renounce Religion, Berserk, Trog's Hand


You were on level 3 of the Dungeon.
You worshipped Trog.
Trog was pleased with you.
You were a tree.
You visited 1 branch of the dungeon, and saw 3 of its levels.

You collected 1365 gold pieces.

Inventory:

Hand Weapons
 a - a +0 hand axe
 c - the +7 rapier "Kijeomeoth" (weapon) {spect, rPois Stlth+}
   (You acquired it on level 1 of the Dungeon)

   When its wielder attacks, the weapon's spirit leaps out and strikes again.
   The spirit shares a part of any damage it takes with its wielder.
   rPois:     It protects you from poison.
   Stlth:     It makes you more stealthy.
Armour
 b - a +0 animal skin
 d - a +2 pair of gloves of strength (melded)
 h - a +0 scale mail
Jewellery
 i - a +6 ring of intelligence (right branch)
 j - a +6 ring of intelligence (left branch)
 o - an amulet of regeneration
Wands
 q - a wand of roots (4)
Scrolls
 g - 2 scrolls of teleportation {unknown}
 k - 2 scrolls of identify {unknown}
 m - a scroll of summoning {unknown}
 n - a scroll of enchant weapon {unknown}
 p - a scroll of noise {unknown}
Potions
 e - a potion of might {unknown}
 f - a potion of flight


   Skills:
 - Level 3.0 Fighting
 - Level 3.0 Axes
 - Level 1.5 Armour
 - Level 1.5 Dodging
 * Level 8.4 Stealth


You had 4 spell levels left.
You didn't know any spells.
Your spell library was empty.

Dungeon Overview and Level Annotations

Branches:
Dungeon (3/15)

Altars:

Shops:
D:3 [

Annotations:
D:3 Natasha


Innate Abilities, Weirdness & Mutations

You are a tree.
Your roots penetrate the ground, keeping you stationary.
You cannot be teleported.
You are immune to unholy pain and torment.
Your maximum health is greatly increased.
Your equipment is partially melded.
((Your serpentine skin is tough. (AC +1)))
You have supernaturally acute eyesight. (SInv)
((Armour fits poorly on your strangely shaped body.))
((Your system is resistant to poisons. (rPois)))
((You cover ground very slowly.))
You can spit poison.
((You have a snake-like lower body.))


Message History

The hobgoblin hits you but does no damage.
You hit the hobgoblin.
You kill the hobgoblin!
Trog accepts your kill.
You start resting.
You feel a strong urge to attack something.
You are no longer berserk.
You are exhausted.
You feel as though you will be slow longer.
You start resting.
Natasha, Servant of Life and Death comes into view.
Natasha is nearby!
Natasha is nearby!
Aiming: Spit Poison (1% risk of failure)
Press: ? - help, Q - select action, (/) - cycle Shift-Dir - straight line, f - Natasha
Aim: Natasha (50% to hit)
The splash of poison hits Natasha.
Natasha is poisoned.
Natasha is moderately wounded.
Natasha casts a spell at you. The magic dart hits you!
* * * LOW HITPOINT WARNING * * *
You have got your breath back.
Natasha mumbles some strange words.
You feel disoriented.
Natasha drinks a potion.
Natasha is healed!
Natasha looks more healthy.
Natasha casts a spell.
Okay, then.
Okay, then.
It was a potion of flight.
You feel very buoyant.
You fly up into the air.
Natasha closely misses you. Natasha casts a spell at you.
You feel as though you will be slow longer.
It was a potion of lignification.
You turn into a tree.
Your +2 pair of gloves of strength melds into your body.
You feel weaker.
Your roots penetrate the ground.
The white imp hits you but does no damage.
Natasha claws you.
You die...

#....... ..... ####+##. .
.....## #..... #' #....#
#..... #.##....# #.....
#.......## ### ###+##.
#........## P..# #......
#......5..##...#.##......
#......h♣.†.....# #......
#........##.##...##.)....
#####'#### ## ##......
#..# ##...... ##.##
#....... #..# ####'###
##.## ######.# #<.##
#....#'##
##..######.......#


You could see Natasha and a white imp (summoned).

Vanquished Creatures
  An orc priest (D:3)
  Jessica (D:2)
  2 orc wizards (D:3)
  Natasha (D:3)
  2 adders
  5 orcs (D:3)
  4 ball pythons
  2 bats
  5 endoplasms
  2 goblins (D:1)
  5 hobgoblins
  3 kobolds
  3 quokkas (D:1)
  2 frilled lizards
  5 rats
43 creatures vanquished.

Vanquished Creatures (others)
  A plant (D:3)
1 creature vanquished.

Grand Total: 44 creatures vanquished

Notes
Turn   | Place    | Note
-------+----------+-------------------------------------------
     0 | D:1      | Atreus the Naga Berserker began the quest for the Orb.
     0 | D:1      | Reached XP level 1. HP: 21/21 MP: 1/1
    46 | D:1      | Reached skill level 1 in Stealth
   535 | D:1      | Identified 3 scrolls of acquirement
   535 | D:1      | Acquired 1243 gold pieces
   537 | D:1      | Acquired a +2 pair of gloves of strength
   539 | D:1      | Acquired the +7 rapier "Kijeomeoth" {spect, rPois Stlth+}
   552 | D:1      | Reached skill level 2 in Stealth
   561 | D:1      | Reached XP level 2. HP: 25/28 MP: 2/2
   652 | D:1      | Found a faded altar of an unknown god.
   727 | D:1      | Reached skill level 3 in Stealth
  1198 | D:1      | Reached skill level 4 in Stealth
  1425 | D:1      | Reached XP level 3. HP: 34/34 MP: 3/3
  1577 | D:2      | Noticed Jessica
  1582 | D:2      | Killed Jessica
  1583 | D:2      | Reached skill level 5 in Stealth
  1583 | D:2      | Reached XP level 4. HP: 42/42 MP: 4/4
  2152 | D:3      | Reached skill level 6 in Stealth
  2164 | D:3      | Reached skill level 7 in Stealth
  2164 | D:3      | Reached XP level 5. HP: 49/49 MP: 5/5
  2250 | D:3      | Reached ** piety under Trog
  2366 | D:3      | Found Ymmy Ciutu's Antique Armour Shoppe.
  2506 | D:3      | Noticed Natasha
  2515 | D:3      | Killed Natasha
  2516 | D:3      | Reached skill level 8 in Stealth
  2535 | D:3      | Noticed Natasha
  2536 | D:3      | HP: 1/49 [Natasha/magic dart (11)]
  2539 | D:3      | Slain by Natasha

Illustrated notes

Levels and vault maps discovered:
D:1:      minmay_arrival_hallway, layout_loops_corners, basic_ecumenical_altar,
          minmay_unequal
D:2:      layout_loops_ring, uniq_jessica
D:3:      layout_basic, serial_shops, nicolae_shop_advertising_works
          [nicolae_subvault_shop_adworks], minmay_shallow_snake_nest,
          uniq_natasha

Skill      XL: |  1  2  3  4  5 |
---------------+----------------+-----
Stealth        | 2 4 5 7 8 |  8.4
Fighting       | |  3.0
Axes           | |  3.0
Armour         | |  1.5
Dodging        | |  1.5

Action                   |  1- 3 |  4- 6 || total
-------------------------+-------+-------++-------
Melee: Hand axe          |    12 |       ||    12
       Rapier            |    15 |    30 ||    45
Invok: Berserk           |     1 |     1 ||     2
 Abil: Spit Poison       |    16 |     9 ||    25
  Use: Scroll            |     3 |       ||     3
       Potion            |       |     2 ||     2
 Stab: Sleeping          |     3 |     4 ||     7
Armor: Animal skin       |     6 |       ||     6
       Scale mail        |     3 |       ||     3
       Skin              |     2 |    17 ||    19
Dodge: Dodged            |    13 |    22 ||    35
